 Dungeon Crawl Stone Soup version 0.31-a0-263-ge8cad7f256 (webtiles) character file.

Game seed: 17863188891572240301

226 qw the Shooter (level 5, -2/47 HPs)
             Began as a Minotaur Hexslinger on July 13, 2023.
             Succumbed to Sigmund's poison
             ... on level 4 of the Dungeon.
             The game lasted 00:01:04 (2751 turns).

qw the Shooter (Minotaur Hexslinger)                Turns: 2751, Time: 00:01:05

Health: -2/47      AC:  7    Str: 16    XL:     5   Next: 69%
Magic:  5/5        EV: 12    Int: 10    God:
Gold:   103        SH:  0    Dex: 15    Spells: 5/6 levels left

rFire   . . .        Y - +1 sling
rCold   . . .        (no shield)
rNeg    + . .        j - +3 leather armour of Beogh's Vengeance {+Blink Fly Str+4 Stlth-}
rPois   .            (helmet restricted)
rElec   .            (no cloak)
rCorr   .            d - +0 pair of gloves
SInv    .            (no boots)
Will    .....        (no amulet) Stlth
                     a - ring of positive energy
HPRegen 0.27/turn    (no ring)
MPRegen 0.09/turn

%: no passive effects
@: lethally poisoned (-2 -> -14), flying
A: horns 2, retaliatory headbutt
a: Evoke Blink


You were on level 4 of the Dungeon.
You visited 1 branch of the dungeon, and saw 4 of its levels.

You collected 103 gold pieces.


Innate Abilities, Weirdness & Mutations

You have a pair of horns on your head.
You reflexively headbutt those who attack you in melee.


   Skills:
 - Level 4.5 Fighting
 + Level 5.0 Ranged Weapons
 - Level 1.0 Armour
 - Level 2.1 Dodging
 - Level 1.0 Spellcasting
 - Level 2.0 Hexes


You had 5 spell levels left.
You knew the following spells:

 Your Spells              Type           Power      Damage    Failure   Level
a - Slow                  Hex            16%        N/A       19%         1

Your spell library contained the following spells:

 Spells                   Type           Power      Damage    Failure   Level
 Inner Flame              Hex/Fire       2%         N/A       63%         3
 Portal Projectile        Hex/Tloc       4%         N/A       63%         3
 Cause Fear               Hex            2%         N/A       88%         4

Inventory:

Hand Weapons
 Y - a +1 sling (weapon)
Armour
 c - a +2 ring mail of fire resistance
 d - a +0 pair of gloves (worn)
 j - the +3 leather armour of Beogh's Vengeance (worn) {+Blink Fly Str+4 Stlth-}
   (You found it on level 3 of the Dungeon)

   Str:       It affects your strength (+4).
   Fly:       It grants you flight.
   +Blink:    It lets you blink.
   Stlth:     It makes you less stealthy.
Jewellery
 a - a ring of positive energy (left hand)
Scrolls
 e - a scroll of identify
Potions
 b - 2 potions of enlightenment
 f - a potion of lignification
 h - a potion of haste
 k - a potion of curing {unknown}

Dungeon Overview and Level Annotations

Branches:
Dungeon (4/15)
 Temple: D:4-7

Altars:
Xom

Annotations:
D:4 Sigmund


Message History

Enter note:
Enter note: You feel sick.
Enter note:
Enter note:
Enter note:
Enter note: You feel sick.
Enter note:
Enter note:
Enter note:
Enter note: You feel sick.
Enter note:
Enter note:
Enter note:
Enter note: You feel sick.
Sigmund points at you and mumbles some strange words.
You resist with some effort.
You feel sick.
You are no longer poisoned.
You start resting.
Sigmund is nearby!
2745 ||| FLEEEEING.
2746 ||| FLEEEEING.
2747 ||| FLEEEEING.
You shoot a sling bullet. The sling bullet barely misses Sigmund.
Sigmund laughs darkly.
You shoot a sling bullet. The sling bullet hits Sigmund.
Sigmund is moderately wounded.
Sigmund looks at you with fury.
Sigmund hits you from afar with a +1 scythe of venom!
You shoot a sling bullet. The sling bullet hits Sigmund.
Sigmund is heavily wounded.
Sigmund hits you from afar with a +1 scythe of venom.
You are lethally poisoned!
You shoot a sling bullet. The sling bullet hits Sigmund.
Sigmund is heavily wounded.
You die...

##########################
.................#....#...
.................#....#...
..............~.~..........#...
........####.~~.~..~.....~.####
#......##~~~~@~~~~~~~~~~~~~~~#
.##..)...#~~~~~~~~~~~~~~~~~~~###
........##~##@.~~...~.....~.####
........#~~#....~~.~.~.~....##..
........####..#..~~...~~....##..
.........@..................##..
.######'###...##................
...# ##### ................
...... ................


You could see Sigmund.

Vanquished Creatures
  A black bear (D:4)
  An orc priest (D:2)
  2 adders
  A dart slug (D:2)
  11 orcs
  3 endoplasms
  3 giant cockroaches
  4 goblins (D:2)
  6 hobgoblins
  5 jackals
  4 quokkas
  4 ball pythons
  7 bats
  4 frilled lizards
  8 kobolds
  8 rats
72 creatures vanquished.

Notes
Turn   | Place    | Note
-------+----------+-------------------------------------------
     0 | D:1      | qw the Minotaur Hexslinger began the quest for the Orb.
     0 | D:1      | Reached XP level 1. HP: 16/16 MP: 1/1
     0 | D:1      | 0 ||| qw: Version: 0.3-a-52-g30416fa
     0 | D:1      | 0 ||| qw: Game counter: 7337
     0 | D:1      | 0 ||| qw: Melee chars always use a shield: true
     0 | D:1      | 0 ||| qw: God list: Okawaru
     0 | D:1      | 0 ||| qw: Allow faded altars: false
     0 | D:1      | 0 ||| qw: Do Orc after clearing Dungeon:15 true
     0 | D:1      | 0 ||| qw: Do second Lair branch before Depths: true
     0 | D:1      | 0 ||| qw: Lair rune preference: random
     0 | D:1      | 0 ||| qw: Goals: Normal
     0 | D:1      | 0 ||| PLANNING D:1-11
   157 | D:1      | Reached skill level 3 in Ranged Weapons
   161 | D:1      | Reached XP level 2. HP: 23/23 MP: 2/2
   840 | D:1      | 840 ||| READING scroll labelled LAHEDIF EHOTE.
   841 | D:1      | 841 ||| READING 3 scrolls labelled QIPIVO UTEI.
   842 | D:1      | 842 ||| READING scroll labelled FYVALUR SUFINA.
   847 | D:1      | 847 ||| READING scroll labelled RAKLER HOSO.
   848 | D:1      | 848 ||| DRINKING 2 silvery potions.
   849 | D:1      | 849 ||| DROPPING scroll of poison.
  1001 | D:2      | Reached XP level 3. HP: 8/29 MP: 3/3
  1002 | D:2      | HP: 7/29 [poisoned by an adder]
  1194 | D:2      | Reached skill level 4 in Ranged Weapons
  1288 | D:2      | You fall into a shaft and drop 1 floor!
  1347 | D:3      | 1347 ||| UPGRADING to +0 pair of gloves.
  1352 | D:3      | 1352 ||| UPGRADING to +0 ring mail.
  1354 | D:3      | 1354 ||| FLEEEEING.
  1358 | D:3      | 1358 ||| STAIRDANCE
  1360 | D:2      | 1360 ||| UPGRADING to +0 ring mail.
  1370 | D:2      | 1370 ||| DROPPING +0 robe.
  1584 | D:2      | Reached XP level 4. HP: 36/36 MP: 4/4
  1719 | D:2      | 1719 ||| UPGRADING to ring of positive energy.
  1720 | D:2      | 1720 ||| READING 3 scrolls of identify.
  1720 | D:2      | 1720 ||| IDENTIFYING grey potion
  1721 | D:2      | 1721 ||| READING 2 scrolls of identify.
  1721 | D:2      | 1721 ||| IDENTIFYING fizzy white potion
  1722 | D:2      | 1722 ||| DROPPING potion of ambrosia.
  1744 | D:3      | Reached skill level 1 in Armour
  1829 | D:3      | 1829 ||| FLEEEEING.
  1833 | D:3      | 1833 ||| STAIRDANCE
  1870 | D:2      | 1870 ||| UPGRADING to +2 ring mail of fire resistance.
  1880 | D:2      | 1880 ||| DROPPING +0 ring mail.
  1883 | D:3      | 1883 ||| STAIRDANCE
  1929 | D:3      | 1929 ||| STAIRDANCE
  1938 | D:2      | HP: 6/36 [orc priest/nerve-wracking pain (5)]
  1938 | D:2      | HP: 2/36 [orc priest/+0 falchion (4)]
  1943 | D:2      | HP: 1/36 [orc priest/nerve-wracking pain (3)]
  2082 | D:3      | Reached skill level 5 in Ranged Weapons
  2238 | D:3      | Identified the +3 leather armour of Beogh's Vengeance
                  | {+Blink Fly Str+4 Stlth-}
  2244 | D:3      | Found a shimmering altar of Xom.
  2518 | D:3      | 2518 ||| UPGRADING to +3 leather armour of Beogh's
                  | Vengeance {+Blink Fly Str+4 Stlth-}.
  2528 | D:3      | 2528 ||| READING scroll labelled ENAF FEHACH.
  2529 | D:3      | 2529 ||| READING 3 scrolls labelled QEESAD ENNIA.
  2530 | D:3      | 2530 ||| READING scroll labelled ALAR SEWIDERYRGH.
  2531 | D:3      | 2531 ||| DROPPING 2 scrolls of noise.
  2548 | D:4      | Noticed a black bear
  2560 | D:4      | Killed a black bear
  2561 | D:4      | Reached XP level 5. HP: 37/47 MP: 5/5
  2721 | D:4      | Noticed Sigmund
  2737 | D:4      | 2737 ||| READING 2 scrolls of identify.
  2737 | D:4      | 2737 ||| IDENTIFYING ruby potion
  2742 | D:4      | HP: 11/47 [poisoned by Sigmund]
  2745 | D:4      | 2745 ||| FLEEEEING.
  2746 | D:4      | 2746 ||| FLEEEEING.
  2747 | D:4      | 2747 ||| FLEEEEING.
  2749 | D:4      | HP: 5/47 [Sigmund/+1 scythe of venom (7)]
  2750 | D:4      | HP: 1/47 [Sigmund/+1 scythe of venom (4)]
  2751 | D:4      | Succumbed to Sigmund's poison

Levels and vault maps discovered:
D:1:      dpeg_arrival_rooms_c, layout_basic
D:2:      layout_loops_cross, serial_rivers, chequers_serial_rivers_room_a,
          chequers_serial_rivers_micro_e, chequers_serial_rivers_marsh,
          chequers_serial_rivers_room_b
D:3:      layout_rooms, mainiacjoe_overflow_24_doors
D:4:      layout_gridville, makhleb_altar_promises_db,
          nicolae_uskayaw_dance_hall, serial_rivers,
          chequers_serial_rivers_small_a, chequers_serial_rivers_small_3,
          chequers_serial_rivers_micro_a, chequers_serial_rivers_small_b,
          st_stairs_9, uniq_sigmund

Skill      XL: |  1  2  3  4 |
---------------+-------------+-----
Ranged Weapons | 3 4 5 |  5.0
Fighting       | 2 4 |  4.5
Armour         | 1 |  1.0
Dodging        | |  2.1
Spellcasting   | |  1.0
Hexes          | |  2.0

Action                     |  1- 3 |  4- 6 || total
---------------------------+-------+-------++-------
   Fire: Sling             |   129 |    94 ||   223
    Use: Scroll            |     4 |     6 ||    10
         Potion            |     1 |       ||     1
 Armour: Robe              |     7 |       ||     7
         Ring mail         |       |    19 ||    19
         Leather armour    |       |     8 ||     8
  Dodge: Dodged            |    36 |    36 ||    72

Table legend:
 A = Non-vault XP
 B = Vault XP
 C = Vault XP percentage of total XP
 D = Non-vault monster count
 E = Vault monster count
 F = Vault count percentage of total count
                 A         B        C        D         E       F
            +---------+---------+-------+---------+---------+-------
      Total |     191 |     133 |  41.0 |      70 |       2 |   2.8
            +---------+---------+-------+---------+---------+-------
        D:1 |      31 |       0 |   0.0 |      22 |       0 |   0.0
        D:2 |      97 |       0 |   0.0 |      27 |       0 |   0.0
        D:3 |      53 |       0 |   0.0 |      17 |       0 |   0.0
        D:4 |      10 |     133 |  93.0 |       4 |       2 |  33.3
            +---------+---------+-------+---------+---------+-------
